PBL
MADISON BREWERS @ AMERICUS BRAVES
10/16/2044
 
TOP OF THE 1ST
University of Illinois Fighting Illini batting - Pitching for Florida State University Seminoles : RHP Geoff Roberts
Pitching: RHP Geoff Roberts
Batting: RHB John Ham 0-0: Ball
1-0: Swinging Strike
1-1: Ball
2-1: Foul Ball, location: 2F
2-2: Ball
3-2: Foul Ball, location: 2F
3-2: Foul Ball, location: 2F
3-2: Base on Balls
Batting: RHB Jerry Castillo 0-0: Foul Ball, location: 2F
0-1: SINGLE (Flyball, 3D, EV 93.8 MPH)
John Ham to second
Batting: RHB Eric Waugaman 0-0: Ball
1-0: Grounds into double play, 4-6-3 (Groundball, 4, EV 105.6 MPH)
John Ham to third
Batting: RHB Teruhide Horiuchi 0-0: Foul Ball, location: 2F
0-1: SINGLE (Line Drive, 89S, EV 92.5 MPH)
John Ham scores
Batting: SHB Steve Salafia 0-0: Called Strike
0-1: Foul Ball, location: 2F
0-2: Ground out U3 (Groundball, 3, EV 85.0 MPH)
Top of the 1st over - 1 run, 2 hits, 0 errors, 1 left on base; University of Illinois 1 - Florida State University 0
BOTTOM OF THE 1ST
Florida State University Seminoles batting - Pitching for University of Illinois Fighting Illini : RHP Eric Cunningham
Pitching: RHP Eric Cunningham
Batting: SHB Salvador Aragon 0-0: Called Strike
0-1: Fly out, F8 (Line Drive, 8LD, EV 98.8 MPH)
Batting: SHB Eric Evans 0-0: Called Strike
0-1: Ball
1-1: Foul Ball, location: 2F
1-2: Fly out, F8 (Line Drive, 8LD, EV 89.4 MPH)
Batting: LHB Alberto Chavez 0-0: Ball
1-0: Called Strike
1-1: Ball
2-1: Ball
3-1: Foul Ball, location: 2F
3-2: Foul Ball, location: 2F
3-2: Base on Balls
Batting: LHB John Shults 0-0: Fly out, F6 (Popup, 6, EV 73.1 MPH)
Bottom of the 1st over - 0 runs, 0 hits, 0 errors, 1 left on base; University of Illinois 1 - Florida State University 0
TOP OF THE 2ND
University of Illinois Fighting Illini batting - Pitching for Florida State University Seminoles : RHP Geoff Roberts
Batting: SHB Ryan Buchbinder 0-0: Ball
1-0: Ball
2-0: Ball
3-0: Called Strike
3-1: Called Strike
3-2: Foul Ball, location: 2F
3-2: Strikes out swinging
Batting: RHB Scott Merritt 0-0: SINGLE (Groundball, 6MD, EV 97.5 MPH)
Batting: LHB Nick Isaac 0-0: Ball
1-0: Foul Ball, location: 2F
1-1: Ball
2-1: Foul Ball, location: 2F
2-2: Foul Ball, location: 2F
2-2: Foul Ball, location: 2F
2-2: Ball
3-2: Base on Balls
Scott Merritt to second
Batting: RHB Eric Cunningham 0-0: SINGLE (Groundball, 3D, EV 95.0 MPH)
Scott Merritt to third
Nick Isaac to second
Batting: RHB John Ham 0-0: Ball
1-0: Swinging Strike
1-1: Foul Ball, location: 2F
1-2: Ball
2-2: Foul Ball, location: 2F
2-2: SINGLE (Groundball, 4MD, EV 95.6 MPH)
Scott Merritt scores
Nick Isaac to third
Eric Cunningham to second
Batting: RHB Jerry Castillo 0-0: Ball
1-0: Ball
2-0: Ball
3-0: Called Strike
3-1: Base on Balls
Nick Isaac scores
Eric Cunningham to third
John Ham to second
Batting: RHB Eric Waugaman 0-0: Ball
1-0: Ball
2-0: Grounds into fielders choice 1-2 (Groundball, 34S, EV 61.9 MPH)
John Ham to third
Jerry Castillo to second
Batting: RHB Teruhide Horiuchi 0-0: Ball
1-0: Ball
2-0: Foul Ball, location: 2F
2-1: Ball
3-1: SINGLE (Line Drive, 9S, EV 94.4 MPH)
John Ham scores
Jerry Castillo to third
Eric Waugaman to second
Batting: SHB Steve Salafia 0-0: Fielders Choice at 2nd, 6-4 (Groundball, 6, EV 86.9 MPH)
Top of the 2nd over - 3 runs, 4 hits, 0 errors, 3 left on base; University of Illinois 4 - Florida State University 0
BOTTOM OF THE 2ND
Florida State University Seminoles batting - Pitching for University of Illinois Fighting Illini : RHP Eric Cunningham
Batting: RHB Brady Jeleniewski 0-0: Ball
1-0: Called Strike
1-1: SOLO HOME RUN (Flyball, 78XD, EV 100.6 MPH), Distance : 386 ft
Batting: RHB John Gibbs 0-0: Called Strike
0-1: SINGLE (Flyball, 34D, EV 92.5 MPH)
Batting: RHB Chris Olheiser 0-0: Called Strike
0-1: Ball
1-1: Called Strike
1-2: SINGLE (Line Drive, 6MD, EV 95.0 MPH)
John Gibbs to second
Batting: RHB Josh Truell 0-0: Called Strike
0-1: Ball
1-1: Ball
Passed Ball!
John Gibbs to third
Chris Olheiser to second
2-1: DOUBLE (Flyball, 8RD, EV 106.9 MPH)
John Gibbs scores
Chris Olheiser scores
Batting: RHB Geoff Roberts 0-0: Sac Bunt to 15S - play at third, runner safe!
Batting: SHB Salvador Aragon 0-0: Called Strike
0-1: Foul Ball, location: 2F
0-2: Grounds into double play, 3-6-3 (Groundball, 3, EV 101.3 MPH)
Josh Truell scores
Batting: SHB Eric Evans 0-0: Called Strike
0-1: Ball
1-1: Ball
2-1: Ball
3-1: Foul Ball, location: 7LSF, Error on foul ball, E7
3-2: Ground out 1-3 (Groundball, P, EV 71.3 MPH)
Bottom of the 2nd over - 4 runs, 4 hits, 1 error, 0 left on base; University of Illinois 4 - Florida State University 4
TOP OF THE 3RD
University of Illinois Fighting Illini batting - Pitching for Florida State University Seminoles : RHP Geoff Roberts
Batting: SHB Ryan Buchbinder 0-0: Ball
1-0: SINGLE (Groundball, 34D, EV 95.6 MPH)
Batting: RHB Scott Merritt 0-0: Ball
1-0: Ball
2-0: Called Strike
2-1: Swinging Strike
2-2: Strikes out swinging
Batting: LHB Nick Isaac 0-0: Called Strike
0-1: Fly out, F5 (Popup, 5SF, EV 87.5 MPH)
Batting: RHB Eric Cunningham 0-0: Foul Ball, location: 2F
0-1: Foul Ball, location: 2F
0-2: Ball
1-2: Ball
2-2: Strikes out swinging
Top of the 3rd over - 0 runs, 1 hit, 0 errors, 1 left on base; University of Illinois 4 - Florida State University 4
BOTTOM OF THE 3RD
Florida State University Seminoles batting - Pitching for University of Illinois Fighting Illini : RHP Eric Cunningham
Batting: LHB Alberto Chavez 0-0: Foul Ball, location: 2F
0-1: Swinging Strike
0-2: Ball
1-2: Ball
2-2: Ball
3-2: Foul Ball, location: 2F
3-2: Fly out, F8 (Flyball, 8LXD, EV 105.6 MPH)
Batting: LHB John Shults 0-0: Fly out, F9 (Flyball, 89D, EV 90.6 MPH)
Batting: RHB Brady Jeleniewski 0-0: Ball
1-0: Foul Ball, location: 2F
1-1: Ball
2-1: Ground out 4-3 (Groundball, 4, EV 108.1 MPH)
Bottom of the 3rd over - 0 runs, 0 hits, 0 errors, 0 left on base; University of Illinois 4 - Florida State University 4
TOP OF THE 4TH
University of Illinois Fighting Illini batting - Pitching for Florida State University Seminoles : RHP Geoff Roberts
Batting: RHB John Ham 0-0: Ball
1-0: Ball
2-0: Fly out, F8 (Flyball, 8RS, EV 73.1 MPH)
Batting: RHB Jerry Castillo 0-0: Ball
1-0: Ball
2-0: Called Strike
2-1: Called Strike
2-2: Strikes out looking
Batting: RHB Eric Waugaman 0-0: Ball
1-0: Ground out 5-3 (Groundball, 56S, EV 87.5 MPH)
Top of the 4th over - 0 runs, 0 hits, 0 errors, 0 left on base; University of Illinois 4 - Florida State University 4
BOTTOM OF THE 4TH
Florida State University Seminoles batting - Pitching for University of Illinois Fighting Illini : RHP Eric Cunningham
Batting: RHB John Gibbs 0-0: Ball
1-0: Ball
2-0: Swinging Strike
2-1: Ball
3-1: Base on Balls
Batting: RHB Chris Olheiser 0-0: Ball
1-0: Foul Ball, location: 2F
1-1: Fly out, F9 (Line Drive, 9D, EV 96.3 MPH)
Batting: RHB Josh Truell 0-0: Called Strike
0-1: Fly out, F4 (Line Drive, 4, EV 68.8 MPH)
Pinch Hitting: LHB Wayne Paddock 0-0: Ball
John Gibbs steals 2nd base
1-0: Called Strike
1-1: Swinging Strike
1-2: SINGLE (Groundball, 3D, EV 98.1 MPH)
John Gibbs to third
Runner from 3rd tries for Home, SAFE, throw by RF to home
Pitching: RHP Matt Voulgaris
Batting: SHB Salvador Aragon 0-0: Ball
1-0: Called Strike
1-1: Ball
2-1: Foul Ball, location: 2F
2-2: Ball
3-2: Foul Ball, location: 2F
3-2: Strikes out swinging
Bottom of the 4th over - 1 run, 1 hit, 0 errors, 1 left on base; University of Illinois 4 - Florida State University 5
TOP OF THE 5TH
University of Illinois Fighting Illini batting - Pitching for Florida State University Seminoles : RHP Geoff Roberts
Pitching: RHP Danny Helm
Batting: RHB Teruhide Horiuchi 0-0: Ball
1-0: Ball
2-0: Ground out 5-3 (Groundball, 56S, EV 67.5 MPH)
Batting: SHB Steve Salafia 0-0: Called Strike
0-1: Ball
1-1: Called Strike
1-2: Ball
2-2: Foul Ball, location: 2F
2-2: Foul Ball, location: 2F
2-2: Foul Ball, location: 2F
2-2: Ball
3-2: Strikes out swinging
Batting: SHB Ryan Buchbinder 0-0: Called Strike
0-1: Swinging Strike
0-2: Strikes out swinging
Top of the 5th over - 0 runs, 0 hits, 0 errors, 0 left on base; University of Illinois 4 - Florida State University 5
BOTTOM OF THE 5TH
Florida State University Seminoles batting - Pitching for University of Illinois Fighting Illini : RHP Matt Voulgaris
Batting: SHB Eric Evans 0-0: Ball
1-0: Foul Ball, location: 2F
1-1: Ball
2-1: Called Strike
2-2: Strikes out swinging
Batting: LHB Alberto Chavez 0-0: Ball
1-0: Called Strike
1-1: Fly out, F7 (Flyball, 7LM, EV 90.0 MPH)
Batting: LHB John Shults 0-0: Called Strike
0-1: Called Strike
0-2: Foul Ball, location: 2F
0-2: Ball
1-2: Ball
2-2: Ball
3-2: Foul Ball, location: 2F
3-2: SINGLE (Line Drive, 8LM, EV 91.9 MPH)
Batting: RHB Brady Jeleniewski 0-0: Fly out, F8 (Flyball, 89D, EV 97.5 MPH)
Bottom of the 5th over - 0 runs, 1 hit, 0 errors, 1 left on base; University of Illinois 4 - Florida State University 5
TOP OF THE 6TH
University of Illinois Fighting Illini batting - Pitching for Florida State University Seminoles : RHP Danny Helm
Batting: RHB Scott Merritt 0-0: Foul Ball, location: 2F
0-1: Ball
1-1: Ball
2-1: Reached on error, E5 (Groundball, 5, EV 89.4 MPH)
Batting: LHB Nick Isaac 0-0: Called Strike
0-1: Ball
1-1: Called Strike
1-2: Ball
2-2: Grounds into double play, 6-4-3 (Groundball, 56, EV 91.3 MPH)
Batting: RHB Matt Voulgaris 0-0: Foul Ball, location: 2F
0-1: Ball
1-1: DOUBLE (Flyball, 8RD, EV 100.0 MPH)
Batting: RHB John Ham 0-0: Called Strike
0-1: Foul Ball, location: 2F
0-2: Fly out, F9 (Flyball, 89M, EV 80.0 MPH)
Top of the 6th over - 0 runs, 1 hit, 1 error, 1 left on base; University of Illinois 4 - Florida State University 5
BOTTOM OF THE 6TH
Florida State University Seminoles batting - Pitching for University of Illinois Fighting Illini : RHP Matt Voulgaris
Batting: RHB John Gibbs 0-0: Ball
1-0: Ball
2-0: Ball
3-0: Called Strike
3-1: Base on Balls
Batting: RHB Chris Olheiser 0-0: Fly out, F9 (Flyball, 9, EV 94.4 MPH)
Batting: RHB Josh Truell 0-0: Ball
1-0: Called Strike
1-1: Foul Ball, location: 2F
1-2: Strikes out swinging
Pinch Hitting: RHB Pat Young 0-0: Reached on error, E6 (Groundball, 6S, EV 88.1 MPH)
John Gibbs to third
Batting: SHB Salvador Aragon 0-0: Swinging Strike
0-1: Foul Ball, location: 2F
0-2: Ball
1-2: Ball
2-2: Foul Ball, location: 2F
2-2: Ball
3-2: Fly out, F6 (Popup, 6M, EV 63.1 MPH)
Bottom of the 6th over - 0 runs, 0 hits, 1 error, 2 left on base; University of Illinois 4 - Florida State University 5
TOP OF THE 7TH
University of Illinois Fighting Illini batting - Pitching for Florida State University Seminoles : RHP Danny Helm
Pitching: RHP John Mason
Batting: RHB Jerry Castillo 0-0: Called Strike
0-1: Ground out 6-3 (Groundball, 6, EV 108.1 MPH)
Batting: RHB Eric Waugaman 0-0: Fly out, F9 (Flyball, 89S, EV 93.1 MPH)
Batting: RHB Teruhide Horiuchi 0-0: Called Strike
0-1: Ball
1-1: Foul Ball, location: 2F
1-2: SINGLE (Groundball, 4MD, EV 97.5 MPH)
Batting: SHB Steve Salafia 0-0: Ball
1-0: Foul Ball, location: 2F
1-1: Ball
2-1: Ball
3-1: Fielders Choice at 2nd, 6-4 (Groundball, 6, EV 84.4 MPH)
Top of the 7th over - 0 runs, 1 hit, 0 errors, 1 left on base; University of Illinois 4 - Florida State University 5
BOTTOM OF THE 7TH
Florida State University Seminoles batting - Pitching for University of Illinois Fighting Illini : RHP Matt Voulgaris
Pitching: RHP Tanner Harleman
Batting: SHB Eric Evans 0-0: Ball
1-0: Foul Ball, location: 2F
1-1: Swinging Strike
1-2: Foul Ball, location: 2F
1-2: Ground out U3 (Groundball, 34, EV 104.4 MPH)
Batting: LHB Alberto Chavez 0-0: Called Strike
0-1: Ball
1-1: Foul Ball, location: 2F
1-2: Ball
2-2: Ball
3-2: Fly out, F7 (Flyball, 78D, EV 84.4 MPH)
Batting: LHB John Shults 0-0: SINGLE (Line Drive, 8LM, EV 85.6 MPH)
Batting: RHB Brady Jeleniewski 0-0: Ball
Passed Ball!
John Shults to second
1-0: Ball
2-0: Ball
3-0: Called Strike
3-1: Base on Balls
Batting: RHB John Gibbs 0-0: Called Strike
0-1: Ball
1-1: Ball
2-1: Ball
3-1: Foul Ball, location: 2F
3-2: Foul Ball, location: 2F
3-2: Base on Balls
John Shults to third
Brady Jeleniewski to second
Batting: RHB Chris Olheiser 0-0: SINGLE (Groundball, 6MD, EV 102.5 MPH)
John Shults scores
Brady Jeleniewski to third
John Gibbs to second
Runner from 3rd tries for Home, SAFE, throw by CF to home
Batting: RHB Josh Truell 0-0: Ball
1-0: Ball
2-0: Ball
3-0: Base on Balls
John Gibbs to third
Chris Olheiser to second
Pinch Hitting: RHB Justin Usner 0-0: Called Strike
0-1: Foul Ball, location: 2F
0-2: Ball
1-2: SINGLE (Line Drive, 6D, EV 98.8 MPH)
John Gibbs scores
Chris Olheiser to third
Josh Truell to second
Runner from 3rd tries for Home, SAFE, throw by CF to home
Pitching: RHP Mike Thompson
Batting: SHB Salvador Aragon 0-0: Foul Ball, location: 2F
0-1: Foul Ball, location: 2F
0-2: Foul Ball, location: 2F
0-2: SINGLE (Flyball, 5D, EV 90.0 MPH)
Josh Truell to third
Justin Usner to second
Batting: SHB Eric Evans 0-0: Ball
1-0: Called Strike
1-1: Ball
2-1: Foul Ball, location: 2F
2-2: Ball
3-2: Foul Ball, location: 2F
3-2: Strikes out swinging
Bottom of the 7th over - 4 runs, 4 hits, 0 errors, 3 left on base; University of Illinois 4 - Florida State University 9
TOP OF THE 8TH
University of Illinois Fighting Illini batting - Pitching for Florida State University Seminoles : RHP John Mason
Pitching: RHP Javy Balderrama
Batting: SHB Ryan Buchbinder 0-0: Swinging Strike
0-1: Ball
1-1: Ball
2-1: Fly out, F8 (Flyball, 8RXD, EV 104.4 MPH)
Batting: RHB Scott Merritt 0-0: Called Strike
0-1: Ball
1-1: Ball
2-1: Fly out, F3 (Line Drive, 3, EV 73.8 MPH)
Batting: LHB Nick Isaac 0-0: Ball
1-0: Swinging Strike
1-1: Ball
2-1: Ball
3-1: Base on Balls
Batting: LHB Mike Thompson 0-0: Fly out, F2 (Popup, 2LF, EV 85.0 MPH)
Top of the 8th over - 0 runs, 0 hits, 0 errors, 1 left on base; University of Illinois 4 - Florida State University 9
BOTTOM OF THE 8TH
Florida State University Seminoles batting - Pitching for University of Illinois Fighting Illini : RHP Mike Thompson
Batting: LHB Alberto Chavez 0-0: Foul Ball, location: 2F
0-1: Ball
1-1: Ball
2-1: Foul Ball, location: 2F
2-2: Ball
3-2: Base on Balls
Batting: LHB John Shults 0-0: Ball
1-0: Ball
Wild Pitch!
Alberto Chavez to second
2-0: Ball
3-0: Called Strike
3-1: Fly out, F5 (Line Drive, 5, EV 73.1 MPH)
Batting: RHB Brady Jeleniewski 0-0: Ball
1-0: 2-RUN HOME RUN (Flyball, 7D, EV 98.1 MPH), Distance : 362 ft
Batting: RHB John Gibbs 0-0: Ball
1-0: Called Strike
1-1: Ball
2-1: Ball
3-1: Base on Balls
Batting: RHB Chris Olheiser 0-0: Called Strike
0-1: Ball
1-1: Ball
2-1: Swinging Strike
2-2: SINGLE (Flyball, 7LS, EV 91.3 MPH)
John Gibbs to second
Batting: RHB Josh Truell 0-0: Called Strike
0-1: Foul Ball, location: 2F
0-2: Ball
Passed Ball!
John Gibbs to third
Chris Olheiser to second
1-2: Ball
2-2: Ball
3-2: Foul Ball, location: 2F
3-2: Base on Balls
Pitching: RHP Mike Hurst
Pinch Hitting: SHB Edwin Dominguez 0-0: Ball
1-0: Called Strike
1-1: Ball
2-1: Fly out, F6 (Popup, 6MD, EV 62.5 MPH)
Batting: SHB Salvador Aragon 0-0: Ball
1-0: Foul Ball, location: 2F
1-1: Called Strike
1-2: SINGLE (Groundball, 6MD, EV 107.5 MPH)
John Gibbs scores
Chris Olheiser to third
Josh Truell to second
Batting: SHB Eric Evans 0-0: Ball
1-0: Fly out, F5 (Popup, 5, EV 61.9 MPH)
Bottom of the 8th over - 3 runs, 3 hits, 0 errors, 3 left on base; University of Illinois 4 - Florida State University 12
TOP OF THE 9TH
University of Illinois Fighting Illini batting - Pitching for Florida State University Seminoles : RHP Javy Balderrama
Pitching: LHP Steve Rhoades
Batting: RHB John Ham 0-0: DOUBLE (Flyball, 8LXD, EV 100.6 MPH)
Batting: RHB Jerry Castillo 0-0: Foul Ball, location: 2F
0-1: Swinging Strike
0-2: Ball
1-2: Foul Ball, location: 2F
1-2: Foul Ball, location: 2F
1-2: Ball
2-2: Strikes out swinging
Batting: RHB Eric Waugaman 0-0: Ball
1-0: Ball
Wild Pitch!
John Ham to third
2-0: Called Strike
2-1: Ball
3-1: Called Strike
3-2: Ground out 1-3 (Groundball, 15S, EV 73.8 MPH)
Batting: RHB Teruhide Horiuchi 0-0: Foul Ball, location: 2F
0-1: Foul Ball, location: 2F
0-2: Ball
1-2: Foul Ball, location: 2F
1-2: Ground out 6-3 (Groundball, 6, EV 90.0 MPH)
Top of the 9th over - 0 runs, 1 hit, 0 errors, 1 left on base; University of Illinois 4 - Florida State University 12
Thursday, March 31st , 2022 - OOTP Baseball 22.12 Build 89